Map: Dusk Towers

Players

Happy - Winner!

  • Race: Terran Terran
  • League: Diamond

MelloW (Nina)

  • Race: Protoss Protoss
  • League: Grandmaster

Event: DreamHack ROCCAT LotV Championship

VOD

Have the link to the VOD?

Description

Time

  • Played on: Nov. 26, 2015, 1:52 p.m.
  • Length: 4:39

All games in this series

Show
View Real Time Build Order
Export as new Build Order

Happy Terran - Winner!

Build Orders: 1/1/1, Widow Mine Drop 

Get SALT Encoding   

  12  0:02  SCV  
  13  0:14  SCV  
  13  0:18  Supply Depot  
  14  0:26  SCV  
  14  0:28  Refinery  
  15  0:40  SCV  
  16  0:45  Barracks  
  16  0:52  SCV  
  17  1:04  SCV  
  18  1:16  SCV  
  19  1:32  Factory, Orbital Command, Marine  
  20  1:35  Supply Depot  
  20  1:50  Marine  
  21  1:59  SCV  
  22  2:04  Supply Depot  
  22  2:07  Marine  
  23  2:11  SCV  
  24  2:17  Starport, Widow Mine  
  26  2:23  SCV  
  26  2:25  Marine  
  28  2:35  SCV  
  29  2:43  Marine  
  30  2:46  Command Center  
  30  2:48  SCV  
  31  2:53  Medivac  
  33  3:00  SCV  
  33  3:01  Marine  
  33  3:05  Refinery  
  35  3:08  Supply Depot  
  35  3:13  SCV  
  36  3:20  Barracks Reactor  
  36  3:25  SCV  
  37  3:29  Barracks  
  37  3:33  Barracks  
  37  3:38  SCV  
  37  3:40  Factory Tech Lab  
  38  3:41  Starport Tech Lab  
  38  3:50  SCV  
  39  3:57  Marine x2  
  41  4:04  Cyclone  
  41  4:05  Orbital Command  
  44  4:21  Barracks Tech Lab  
  48  4:24  SCV  
Show
View Real Time Build Order
Export as new Build Order

MelloW Protoss 

Build Orders: Nexus First 

Get SALT Encoding   

  12  0:01  Probe (Chrono Boost)  
  13  0:11  Probe (Chrono Boost)  
  14  0:19  Pylon  
  14  0:22  Probe (Chrono Boost)  
  15  0:37  Probe (Chrono Boost)  
  16  0:47  Probe (Chrono Boost)  
  17  0:58  Probe (Chrono Boost)  
  17  1:01  Nexus  
  18  1:08  Probe (Chrono Boost)  
  19  1:13  Gateway  
  19  1:19  Probe (Chrono Boost)  
  19  1:22  Assimilator  
  20  1:27  Assimilator  
  20  1:30  Probe (Chrono Boost)  
  21  1:37  Pylon  
  21  1:40  Probe (Chrono Boost)  
  22  1:51  Probe (Chrono Boost)  
  23  1:58  Gateway  
  24  2:01  Probe (Chrono Boost)  
  24  2:02  Cybernetics Core  
  24  2:08  Zealot  
  24  2:12  Probe (Chrono Boost)  
  24  2:15  Probe (Chrono Boost)  
  28  2:22  Probe (Chrono Boost)  
  29  2:26  Probe (Chrono Boost)  
  30  2:33  Probe (Chrono Boost)  
  30  2:36  Probe (Chrono Boost)  
  32  2:42  Adept  
  35  2:45  Mothership Core (Chrono Boost)  
  35  2:47  Probe (Chrono Boost)  
  35  2:50  Adept  
  39  2:58  Probe (Chrono Boost)  
  40  2:59  Pylon  
  40  3:03  Probe (Chrono Boost)  
  41  3:08  Probe (Chrono Boost)  
  42  3:13  Robotics Facility  
  42  3:14  Probe (Chrono Boost)  
  42  3:19  Probe (Chrono Boost)  
  44  3:24  Probe (Chrono Boost)  
  45  3:29  Probe (Chrono Boost), Pylon  
  46  3:35  Probe (Chrono Boost)  
  46  3:36  Twilight Council  
  46  3:40  Probe (Chrono Boost)  
  50  3:41  Sentry  
  50  3:45  Pylon  
  50  3:46  Assimilator  
  50  3:47  Probe (Chrono Boost)  
  51  3:50  Assimilator  
  51  3:51  Probe (Chrono Boost)  
  54  3:58  Probe (Chrono Boost)  
  54  4:01  Probe (Chrono Boost), Observer  
  54  4:07  Gateway  
  54  4:08  Gateway  
  44  4:14  Mothership Core (Chrono Boost)  
  42  4:20  Probe (Chrono Boost)  

Tags
 
Add a new tag
Caveats
  • Supply blocks, unpowered buildings, or Contaminate may cause inaccurate times.
  • Supply counts are checked every 10 seconds.